 Dungeon Crawl Stone Soup version 0.24-a0-114-g5d539f0 (console) character file.

Game seed: 8178971700022689514

110 Duffy the Chopper (level 4, -9/39 HPs)
             Began as a Naga Gladiator on Feb 15, 2019.
             Mangled by an ogre
             ... wielding a +0 giant spiked club
              (23 damage)
             ... on level 4 of the Dungeon.
             The game lasted 00:01:23 (1398 turns).

Duffy the Chopper (Naga Gladiator)                  Turns: 1398, Time: 00:01:23

Health: -9/39      AC:  4    Str: 16    XL:     4   Next: 91%
Magic:  4/4        EV: 10    Int:  9    God:
Gold:   35         SH:  0    Dex: 13    Spells: 3/3 levels left

rFire    . . .     SeeInvis +   a - +0 war axe
rCold    . . .     Gourm    .   (no shield)
rNeg     . . .     Faith    .   e - +0 ring mail
rPois    +         Spirit   .   c - +0 helmet
rElec    .         Reflect  .   (no cloak)
rCorr    .         Harm     .   (no gloves)
MR       .....                  (no barding)
Stlth    +.........             (no amulet)
HPRegen  0.13/turn              g - +1 ring of evasion
MPRegen  0.09/turn              (no ring)

@: lethally poisoned (-9 -> -14), short of breath, very slow
A: large, see invisible, deformed body, poison resistance, slowness 2, slow
metabolism 1, spit poison 1, AC +1
a: Spit Poison


You were on level 4 of the Dungeon.
You were not hungry.

You visited 1 branch of the dungeon, and saw 4 of its levels.

You collected 35 gold pieces.

Inventory:

Hand Weapons
 a - a +0 war axe (weapon)
Missiles
 d - 3 throwing nets (quivered)
Armour
 b - a +0 leather armour
 c - a +0 helmet (worn)
 e - a +0 ring mail (worn)
Jewellery
 g - a +1 ring of evasion (left hand)
Scrolls
 h - a scroll of teleportation {unknown}
 i - a scroll of identify {unknown}
 l - 3 scrolls of noise {unknown}
 m - a scroll of remove curse {unknown}
Comestibles
 f - 2 rations
 k - 5 chunks of flesh


   Skills:
 - Level 2.0 Fighting
 + Level 5.4 Axes
 - Level 1.7 Throwing
 - Level 2.4 Dodging


You had 3 spell levels left.
You didn't know any spells.
Your spell library was empty.

Dungeon Overview and Level Annotations

Branches:
Dungeon (4/15)             Temple (0/1) D:4

Altars:


Innate Abilities, Weirdness & Mutations

You cannot wear boots.
Your serpentine skin is tough. (AC +1)
You have supernaturally acute eyesight. (SInv)
Armour fits poorly on your strangely shaped body.
Your system is resistant to poisons. (rPois)
You cover ground very slowly.
You have a slow metabolism.
You can spit poison.


Message History

You hit the worker ant.
The worker ant is severely wounded.
You feel sick. The worker ant closely misses you.
You hit the worker ant but do no damage.
The worker ant is almost dead.
The worker ant barely misses you.
The worker ant bites you but does no damage.
You completely miss the worker ant.
The worker ant is almost dead.
You have got your breath back.
You feel sick.
You kill the worker ant!
Press: ? - help, Shift-Dir - straight line, f - ogre
Aim: an ogre, wielding a +0 giant spiked club The splash of poison hits the ogre!
The ogre is moderately wounded.
You feel slightly more hungry.
You feel sick.
The ogre hits you with a +0 giant spiked club!!
Ouch! That really hurt!
You die...

##### #...# #..>+
#...#.# # #..<..# ...
########.#+#####...#.
#....@Osh..$......#.#
#.######.....###.#.#.
#.....# #O> #........
. #..........
#...........
#.##........ ...
#.......# ..
####...(.


You could see an ogre, a howler monkey and a giant cockroach.

Vanquished Creatures
  A hound (D:4)
  A worker ant (D:4)
  An adder (D:2)
  An ooze (D:2)
  A worm (D:2)
  2 dart slugs (D:2)
  A leopard gecko (D:1)
  5 orcs
  2 bats
  A giant cockroach (D:2)
  2 goblins
  4 hobgoblins
  A quokka (D:3)
  4 kobolds
  5 rats
32 creatures vanquished.

Notes
Turn   | Place    | Note
-------+----------+-------------------------------------------
     0 | D:1      | Duffy the Naga Gladiator began the quest for the Orb.
     0 | D:1      | Reached XP level 1. HP: 19/19 MP: 1/1
   315 | D:1      | Reached XP level 2. HP: 11/26 MP: 2/2
   790 | D:2      | Reached skill level 4 in Axes
   955 | D:2      | Reached XP level 3. HP: 23/32 MP: 3/3
  1369 | D:3      | Reached XP level 4. HP: 39/39 MP: 4/4
  1379 | D:4      | Found a staircase to the Ecumenical Temple.
  1379 | D:4      | Noticed an ogre
  1393 | D:4      | Reached skill level 5 in Axes
  1398 | D:4      | Mangled by an ogre

Levels and vault maps discovered:
D:1:      dpeg_arrival_tiny_a, layout_basic, minmay_worlds_worst_comb
D:2:      layout_rooms, minmay_liquid_box
D:3:      layout_basic, chequers_ecumenical_altar_lobes, first_ration,
          minmay_misc_feat_tower, uniq_natasha
D:4:      old_forge, layout_basic, minmay_temple_entry_grid,
          gup_sewer_entry_bowl, uniq_ijyb

Skill      XL: |  1  2  3  4 |
---------------+-------------+-----
Axes           | 4 5 |  5.4
Fighting       | |  2.0
Throwing       | |  1.7
Dodging        | |  2.4

Action                   |  1- 3 |  4- 6 || total
-------------------------+-------+-------++-------
Melee: War axe           |    68 |     7 ||    75
 Abil: Spit Poison       |    13 |     3 ||    16
  Use: Potion            |       |     1 ||     1
  Eat: Chunk             |     1 |       ||     1
Armor: Ring mail         |    34 |     6 ||    40
Dodge: Dodged            |    55 |     9 ||    64

Table legend:
 A = Non-vault XP
 B = Vault XP
 C = Vault XP percentage of total XP
 D = Non-vault monster count
 E = Vault monster count
 F = Vault count percentage of total count
                 A         B        C        D         E       F
            +---------+---------+-------+---------+---------+-------
      Total |     158 |       0 |   0.0 |      32 |       0 |   0.0
            +---------+---------+-------+---------+---------+-------
        D:1 |      10 |       0 |   0.0 |       5 |       0 |   0.0
        D:2 |      55 |       0 |   0.0 |      16 |       0 |   0.0
        D:3 |      17 |       0 |   0.0 |       9 |       0 |   0.0
        D:4 |      76 |       0 |   0.0 |       2 |       0 |   0.0
            +---------+---------+-------+---------+---------+-------
